 Dungeon Crawl Stone Soup version 0.31.0-11-ge490571c62 (webtiles) character file.

Game seed: 4495969355752881434

46 qw the Shooter (level 3, -3/18 HPs)
             Began as a Spriggan Hunter on Feb 3, 2024.
             Slain by a gnoll
             ... wielding a +0 halberd
              (11 damage)
             ... on level 2 of the Dungeon.
             The game lasted 00:00:05 (865 turns).

qw the Shooter (Spriggan Hunter)                     Turns: 865, Time: 00:00:06

Health: -3/18      AC:  2    Str:  7    XL:     3   Next: 44%
Magic:  4/4        EV: 19    Int: 10    God:
Gold:   109        SH:  0    Dex: 20    Spells: 2/2 levels left

rFire   . . .        a - +0 shortbow
rCold   . . .        (shield currently unavailable)
rNeg    . . .        c - +0 robe
rPois   +            (helmet restricted)
rElec   .            (no cloak)
rCorr   .            (gloves unavailable)
SInv    +            (boots unavailable)
Will    .....        (no amulet)
Stlth   ++           d - ring of poison resistance
HPRegen 0.23/turn    (no ring)
MPRegen 0.09/turn

%: no passive effects
@: very quick
A: very small, no large weapons, unfitting armour, see invisible, speed 3
a: no special abilities


You were on level 2 of the Dungeon.
You visited 1 branch of the dungeon, and saw 2 of its levels.

You collected 109 gold pieces.


Innate Abilities, Weirdness & Mutations

You are very small and have problems with some larger weapons.
You are too small for most types of armour.
You have supernaturally acute eyesight. (SInv)
You cover ground extremely quickly. (Speed+++)


   Skills:
 - Level 1.5 Fighting
 + Level 4.7 Ranged Weapons
 - Level 4.0 Dodging
 - Level 1.5 Stealth


You had 2 spell levels left.
You didn't know any spells.
Your spell library was empty.

Inventory:

Hand Weapons
 a - a +0 shortbow (weapon)
Armour
 c - a +0 robe (worn)
Jewellery
 d - a ring of poison resistance (left hand)
 g - a ring of willpower
Scrolls
 b - a scroll of acquirement {unknown}
 f - a scroll of teleportation {unknown}
 i - a scroll of revelation {unknown}
Potions
 e - a potion of resistance
 h - a potion of enlightenment

Dungeon Overview and Level Annotations

Branches:
Dungeon (2/15)

Altars:


Message History

f - a scroll labelled PIS VEWKUSAU
g - a ring of willpower A giant cockroach comes into view.
You see here 15 gold pieces.
You shoot an arrow. The arrow hits the giant cockroach.
You kill the giant cockroach!
You now have 102 gold pieces (gained 15).
i - a scroll labelled UTOUNI XOJI You now have 109 gold pieces (gained 7).
A gnoll comes into view. It is wielding a +0 spear.
You shoot an arrow. The arrow hits the gnoll.
The gnoll shouts!
The gnoll is moderately wounded.
You hear a shout!
A gnoll comes into view. It is wielding a +0 flail.
You shoot an arrow. The arrow barely misses the gnoll.
The gnoll shouts!
You shoot an arrow. The arrow barely misses the gnoll.
A gnoll comes into view. It is wielding a +0 halberd.
A gnoll comes into view. It is wielding a +0 club.
Enter note:
Enter note: You shoot an arrow.
The arrow barely misses the gnoll.
The gnoll shouts!
You shoot an arrow. The arrow hits the gnoll.
The gnoll is moderately wounded.
The gnoll barely misses you.
You shoot an arrow. The arrow hits the gnoll.
The gnoll is severely wounded.
The gnoll hits you from afar with a +0 spear.
You shoot an arrow.
The arrow hits the gnoll but does no damage.
The gnoll hits you from afar with a +0 spear!
You shoot an arrow. The arrow barely misses the gnoll.
The gnoll barely misses you. The gnoll misses you. x2
You shoot an arrow. The arrow hits the gnoll!
The gnoll is severely wounded.
The gnoll hits you from afar with a +0 halberd!
Ouch! That really hurt!
You die...

.......## #....##.....
.........## #....##.....
..........# #....#......
..........# #....#......
..........# #...........
..........# #...........
....gg....# #......#....
.......g..###......###.#
.....g.@#...#.###[.###.#
#########.#.....#....?..
#..##.#.........
##.##..........#
###.............#
.......(.........
...<............#
................#
..[.#.<........#


You could see 4 gnolls.

Vanquished Creatures
  A gnoll (D:1)
  A dart slug (D:2)
  A ribbon worm (D:2)
  4 endoplasms
  2 giant cockroaches
  3 goblins
  6 kobolds
  4 quokkas (D:1)
  2 ball pythons (D:1)
  A bat (D:2)
  5 rats (D:1)
30 creatures vanquished.

Notes
Turn   | Place    | Note
-------+----------+-------------------------------------------
     0 | D:1      | qw the Spriggan Hunter began the quest for the Orb.
     0 | D:1      | Reached XP level 1. HP: 10/10 MP: 2/2
     0 | D:1      | 0 ||| qw: Version: 0.3-a-155-g5e7d8dd
     0 | D:1      | 0 ||| qw: Game counter: 3482
     0 | D:1      | 0 ||| qw: Melee chars always use a shield: true
     0 | D:1      | 0 ||| qw: God list: Okawaru
     0 | D:1      | 0 ||| qw: Allow faded altars: false
     0 | D:1      | 0 ||| qw: Do Orc after clearing Dungeon:15 true
     0 | D:1      | 0 ||| qw: Do second Lair branch before Depths: true
     0 | D:1      | 0 ||| qw: Lair rune preference: random
     0 | D:1      | 0 ||| qw: Goals: Normal
     0 | D:1      | 0 ||| PLANNING D:1-11
    72 | D:1      | Reached skill level 3 in Dodging
   108 | D:1      | HP: 2/10 [quokka (3)]
   180 | D:1      | Reached XP level 2. HP: 14/14 MP: 3/3
   252 | D:1      | Reached XP level 3. HP: 18/18 MP: 4/4
   403 | D:1      | You fall into a shaft and drop 1 floor!
   487 | D:2      | 487 ||| UPGRADING to ring of poison resistance.
   488 | D:2      | 488 ||| READING scroll labelled LETORO QULEA.
   522 | D:2      | 522 ||| READING scroll labelled KACIRO FOOBLOS.
   522 | D:2      | 522 ||| IDENTIFYING golden potion
   523 | D:2      | 523 ||| DRINKING 2 fuming inky potions.
   524 | D:2      | 524 ||| DROPPING scroll of butterflies.
   532 | D:2      | 532 ||| FLEEEEING.
   533 | D:2      | 533 ||| STAIRDANCE
   865 | D:2      | Slain by a gnoll

Levels and vault maps discovered:
D:1:      psy_arrival_fountain, layout_basic, grunt_decor_one_mirror
D:2:      layout_rooms, minmay_surrounded

Skill      XL: |  1  2 |
---------------+-------+-----
Dodging        | 3 4 |  4.0
Fighting       | |  1.5
Ranged Weapons | |  4.7
Stealth        | |  1.5

Action                     || total
---------------------------++-------
   Fire: Shortbow          ||    77
    Use: Scroll            ||     2
         Potion            ||     1
 Armour: Robe              ||     8
  Dodge: Dodged            ||    19

Table legend:
 A = Non-vault XP
 B = Vault XP
 C = Vault XP percentage of total XP
 D = Non-vault monster count
 E = Vault monster count
 F = Vault count percentage of total count
                 A         B        C        D         E       F
            +---------+---------+-------+---------+---------+-------
      Total |      66 |       0 |   0.0 |      30 |       0 |   0.0
            +---------+---------+-------+---------+---------+-------
        D:1 |      47 |       0 |   0.0 |      21 |       0 |   0.0
        D:2 |      19 |       0 |   0.0 |       9 |       0 |   0.0
            +---------+---------+-------+---------+---------+-------
